[Event "Int SVK-ch Open 2020"]
[Site "Drienica"]
[Date "2020.08.15"]
[Round "9.2"]
[White "Paluska, Karol"]
[Black "Steiniger, Florian"]
[Result "0-1"]
[ECO "A40"]
[WhiteElo "1873"]
[BlackElo "1889"]
[Annotator "NA"]
[PlyCount "95"]
[EventDate "2020.08.07"]
[EventType "swiss"]
[EventCountry "SVK"]
[SourceTitle "playchess.com"]
[Source "ChessBase"]
[SourceQuality "1"]
[TimeControl "40/5400+30:1800+30"]

1. d4 g6 2. c4 Bg7 3. Nc3 c5 4. e3 cxd4 5. exd4 Nf6 6. Nf3 O-O {[%emt 0:00:34] A31: Symmetrical English: 2 Nf3 Nf6 3 d4.} 7. Be3 {[%emt 0:01:22] Recently 7.Bg5 got a lot of attention.} d6 8. Qd2 Ng4 9. Be2 Nxe3 10. Qxe3 Nc6 {[%emt 0:02:57] [#]} 11. Qd2 $146 ({Predecessor:} 11. a3 Qb6 12. Na4 Qa5+ 13. Nc3 Bg4 14. O-O Bxf3 15. Bxf3 Bxd4 16. b4 Bxe3 17. bxa5 {0-1 (35) Lueth,G-Henkel,R Borkum 1996}) 11... Bf5 (11... e5 $15) 12. O-O (12. d5 $5 Nb4 13. O-O $11) 12... Rc8 13. Rac1 (13. d5 $5 Ne5 14. Nxe5 Bxe5 15. h3 $11) 13... a6 14. Rfd1 Re8 15. d5 Ne5 16. Nxe5 Bxe5 17. f4 Bg7 18. g4 Bd7 19. Kg2 Qa5 20. h4 (20. b3 $15) 20... b5 21. b3 bxc4 22. bxc4 e6 (22... Rb8 $17 23. Rc2 Qc5) 23. Ne4 Qc7 24. c5 dxc5 25. Nxc5 exd5 26. Ne6 Qd6 ({Of course not} 26... Bxe6 27. Rxc7 Rxc7 28. Rc1 $11) 27. Nxg7 Kxg7 28. Rxc8 Rxc8 29. g5 {[%emt 0:05:15] [#]} (29. Qd4+ $17 {was worth a try.} Kg8 30. Bf3) 29... Qe6 $1 30. Qd3 $2 (30. f5 Qxf5 31. Kg1) 30... Rc4 31. h5 gxh5 32. f5 Qe5 33. f6+ Kg8 34. Rb1 Bf5 35. Rb8+ Qxb8 36. Qxf5 Re4 37. Bd3 Rg4+ 38. Kf3 Qg3+ 39. Ke2 Qh2+ 40. Ke3 Qh3+ 41. Kd2 Rg2+ 42. Kc3 Qxf5 43. Bxf5 Rxg5 44. Bc8 a5 45. Kd4 Rg2 46. a4 h4 47. Kxd5 Ra2 48. Kd4 0-1

[Event "Int SVK-ch Open 2020"]
[Site "Drienica"]
[Date "2020.08.15"]
[Round "9.3"]
[White "Tomcikova, Zuzana"]
[Black "Durica, Daniel"]
[Result "1/2-1/2"]
[ECO "B06"]
[WhiteElo "1776"]
[BlackElo "1937"]
[Annotator "ChessBase"]
[PlyCount "41"]
[EventDate "2020.08.07"]
[EventType "swiss"]
[EventCountry "SVK"]
[SourceTitle "playchess.com"]
[Source "ChessBase"]
[SourceQuality "1"]
[TimeControl "40/5400+30:1800+30"]

1. e4 g6 2. d4 Bg7 3. f4 d6 4. Nc3 Nf6 5. e5 dxe5 6. dxe5 Qxd1+ 7. Kxd1 Ng4 8. Nd5 Kd7 9. Ke1 c6 10. Ne3 Kc7 11. c3 f6 12. Nxg4 Bxg4 13. h3 Bf5 14. exf6 exf6 15. Nf3 Nd7 16. Be3 Rhe8 17. Kf2 Nb6 18. Bxb6+ axb6 19. Nd4 Be4 20. Bc4 Bh6 21. Rhe1 1/2-1/2

[Event "Int SVK-ch Open 2020"]
[Site "Drienica"]
[Date "2020.08.15"]
[Round "9.4"]
[White "Juhar, Roman"]
[Black "Majek, Kacper"]
[Result "0-1"]
[ECO "D59"]
[WhiteElo "2225"]
[BlackElo "1970"]
[Annotator "ChessBase"]
[PlyCount "80"]
[EventDate "2020.08.07"]
[EventType "swiss"]
[EventCountry "SVK"]
[SourceTitle "playchess.com"]
[Source "ChessBase"]
[SourceQuality "1"]
[TimeControl "40/5400+30:1800+30"]

1. d4 d5 2. c4 e6 3. Nc3 Nf6 4. Bg5 Be7 5. e3 h6 6. Bh4 O-O 7. Rc1 b6 8. cxd5 Nxd5 9. Nxd5 exd5 10. Bxe7 Qxe7 11. Nf3 Bb7 12. Bd3 c5 13. b3 Nd7 14. O-O Rac8 15. Qd2 Rc7 16. Rc3 Rfc8 17. Rfc1 g6 18. Qb2 Qe6 19. Bb5 Nf6 20. Ne5 c4 21. bxc4 a6 22. cxd5 Qxd5 23. Bf1 Rxc3 24. Rxc3 Rxc3 25. Qxc3 Qxa2 26. Qc7 Bd5 27. Qxb6 Ne4 28. Nd3 a5 29. f3 Nd2 30. Be2 a4 31. Nb4 Qb1+ 32. Kf2 Kh7 33. Qa5 Bb3 34. Nc6 Qc2 35. Ne7 Bc4 36. Qd8 Ne4+ 37. fxe4 Qxe2+ 38. Kg3 Qxe3+ 39. Kh4 g5+ 40. Kg4 Qf4+ 0-1

[Event "Int SVK-ch Open 2020"]
[Site "Drienica"]
[Date "2020.08.15"]
[Round "9.5"]
[White "Janik, Marek Tobias"]
[Black "Marsina, Stefan"]
[Result "1-0"]
[ECO "A20"]
[WhiteElo "1549"]
[BlackElo "1854"]
[Annotator "NA RC"]
[PlyCount "69"]
[EventDate "2020.08.07"]
[EventType "swiss"]
[EventCountry "SVK"]
[SourceTitle "playchess.com"]
[Source "ChessBase"]
[SourceQuality "1"]
[TimeControl "40/5400+30:1800+30"]

1. c4 e5 2. g3 Nf6 3. Bg2 Nc6 4. Nc3 d6 5. e3 Be6 6. b3 {[%emt 0:02:01] A25: English Opening vs King's Indian with ...Nc6 but without early d3.} Be7 7. Nge2 Qd7 8. d4 Bh3 {[%emt 0:09:15] [#]} 9. Bxh3 $146 ({Predecessor:} 9. O-O $1 $14 h5 10. dxe5 Nxe5 11. Bxh3 Qxh3 12. Nf4 Qd7 13. Ng2 h4 14. Nxh4 Qh3 15. f4 {0-1 (22) Okonek,W-Kowara,M (1876) Poznan 2011}) 9... Qxh3 10. d5 Nb8 11. Ng1 Qf5 12. Qf3 Qg6 13. Nge2 O-O 14. O-O h5 15. e4 Na6 16. Be3 Nh7 17. Qg2 f5 18. f4 Nb4 19. Rad1 fxe4 20. Nxe4 Nxa2 21. Bd2 a5 22. Ra1 ({White should play} 22. f5 $16 Qe8 23. Qf3) 22... Nb4 23. f5 Qe8 24. h3 b5 {[%emt 0:04:34] [#]} 25. g4 $1 hxg4 (25... Qd7 $16 {was worth a try.}) 26. hxg4 bxc4 27. bxc4 Nc2 28. Ra2 Nd4 29. Nxd4 ({Inferior is} 29. Rxa5 Rxa5 30. Bxa5 Nxe2+ 31. Qxe2 Qa4 $11) 29... exd4 30. Ra3 Bf6 $2 (30... Bh4 {keeps fighting.}) 31. g5 $18 Be5 32. Rh3 g6 33. Rh6 Rxf5 34. Rxf5 gxf5 35. Nf6+ 1-0

[Event "Int SVK-ch Open 2020"]
[Site "Drienica"]
[Date "2020.08.15"]
[Round "9.6"]
[White "Kolesar, Milan"]
[Black "Macko, Michal"]
[Result "1/2-1/2"]
[ECO "D41"]
[WhiteElo "2186"]
[BlackElo "2148"]
[Annotator "ChessBase"]
[PlyCount "32"]
[EventDate "2020.08.07"]
[EventType "swiss"]
[EventCountry "SVK"]
[SourceTitle "playchess.com"]
[Source "ChessBase"]
[SourceQuality "1"]
[TimeControl "40/5400+30:1800+30"]

1. Nf3 d5 2. d4 Nf6 3. c4 e6 4. Nc3 c5 5. cxd5 Nxd5 6. e3 Nxc3 7. bxc3 cxd4 8. exd4 Be7 9. Bd3 O-O 10. O-O Qc7 11. Qc2 h6 12. Bb2 b6 13. Qe2 Bb7 14. Rac1 Nd7 15. Be4 Bxe4 16. Qxe4 Qc4 1/2-1/2

[Event "Int SVK-ch Open 2020"]
[Site "Drienica"]
[Date "2020.08.15"]
[Round "9.6"]
[White "Kulich, Filip"]
[Black "Bujna, Martin"]
[Result "1/2-1/2"]
[ECO "A46"]
[WhiteElo "1397"]
[BlackElo "1841"]
[Annotator "NA"]
[PlyCount "93"]
[EventDate "2020.08.07"]
[EventType "swiss"]
[EventCountry "SVK"]
[SourceTitle "playchess.com"]
[Source "ChessBase"]
[SourceQuality "1"]
[TimeControl "40/5400+30:1800+30"]

1. d4 Nf6 2. Nf3 e6 3. e3 b6 4. Bd3 Bb7 5. O-O Be7 6. b3 O-O 7. Bb2 d5 8. Nbd2 Nbd7 9. Re1 {[%emt 0:03:58] Recently 9.c4 got a lot of attention. D05: Colle System with ...e6.} c5 10. e4 dxe4 11. Nxe4 cxd4 12. Bxd4 Rc8 13. c4 Nc5 14. Nxc5 Bxc5 {[%emt 0:02:33] [#]} 15. Be5 $146 ({Predecessor:} 15. Bxc5 bxc5 16. Ne5 Qc7 17. Ng4 Nxg4 18. Qxg4 Rfd8 19. Re3 Rd4 20. Qh3 g6 21. Qg3 {0-1 (45) Mamedjarova,Z (2338)-Ju,W (2575) St Petersburg 2018}) 15... Ng4 16. Bg3 Qf6 17. Be4 Bxe4 18. Rxe4 Rcd8 19. Qb1 Qg6 20. Ne5 $2 (20. Re2 $11 {and White has nothing to worry.}) 20... Nxe5 21. Bxe5 Rd2 22. Rf4 (22. Bg3 {might work better.} Bd4 23. Rxd4 Qxb1+ 24. Rxb1 Rxd4 25. Kf1) 22... Qg5 $2 (22... Rfd8 $19 {has better winning chances.} 23. Qf1 R8d3) 23. Qe1 Rfd8 24. Rf3 {[%emt 0:04:35] [#]} Bxf2+ $1 25. Rxf2 Rxf2 26. Qxf2 Qxe5 27. Rf1 Qd4 28. Qxd4 Rxd4 29. Rc1 Rd2 30. c5 bxc5 31. Rxc5 g6 32. Ra5 Rd7 33. a4 Kf8 34. b4 Ke7 35. Kf2 Rb7 36. b5 e5 (36... Kd6 $17 37. Ra6+ Kd5) 37. b6 (37. Ra6 $11) 37... axb6 38. Rxe5+ Kd6 39. Rg5 Ra7 40. Rb5 Rxa4 41. Rxb6+ $15 Ke5 42. Rb7 Rf4+ 43. Ke3 Rf1 44. h3 h5 45. Rb5+ Kf6 46. Rb2 Re1+ 47. Kf3 1/2-1/2

[Event "Int SVK-ch Open 2020"]
[Site "Drienica"]
[Date "2020.08.15"]
[Round "9.7"]
[White "Mrvova, Alena"]
[Black "Kravec, Patrik"]
[Result "1/2-1/2"]
[ECO "B25"]
[WhiteElo "2188"]
[BlackElo "2119"]
[Annotator "ChessBase"]
[PlyCount "91"]
[EventDate "2020.08.07"]
[EventType "swiss"]
[EventCountry "SVK"]
[SourceTitle "playchess.com"]
[Source "ChessBase"]
[SourceQuality "1"]
[TimeControl "40/5400+30:1800+30"]

1. e4 c5 2. Nf3 Nc6 3. Nc3 d6 4. d3 g6 5. g3 Bg7 6. Bg2 Nf6 7. O-O O-O 8. Ne2 Bd7 9. c3 c4 10. Nfd4 cxd3 11. Qxd3 Ne5 12. Qc2 Qc8 13. f4 Nc6 14. Qd3 a6 15. a4 Rb8 16. Bd2 Na5 17. Be1 Qc4 18. Qc2 Ng4 19. Bf2 Nxf2 20. Rxf2 Qc8 21. b3 Nc6 22. Rd1 b5 23. axb5 axb5 24. Nxc6 Bxc6 25. Nd4 Bd7 26. Qd3 Qc5 27. b4 Qc7 28. Bf1 Rfc8 29. Rc1 Qb6 30. Rd1 Rc7 31. Kg2 Qa7 32. Rb2 Qa3 33. Rb3 Qa4 34. Rdb1 Qa8 35. Be2 e5 36. Nf3 Be6 37. R3b2 exf4 38. Qxd6 Rxc3 39. Qxf4 Bc4 40. Ne5 Bxe5 41. Qxe5 Re3 42. Bf3 Re8 43. Ra1 Qd8 44. Rd1 Rd3 45. Rxd3 Bxd3 46. Qd5 1/2-1/2

[Event "Int SVK-ch Open 2020"]
[Site "Drienica"]
[Date "2020.08.15"]
[Round "9.7"]
[White "Recky, Norbert"]
[Black "Furman, Slavomir"]
[Result "0-1"]
[ECO "C42"]
[WhiteElo "1811"]
[BlackElo "1754"]
[Annotator "NA"]
[PlyCount "44"]
[EventDate "2020.08.07"]
[EventType "swiss"]
[EventCountry "SVK"]
[SourceTitle "playchess.com"]
[Source "ChessBase"]
[SourceQuality "1"]
[TimeControl "40/5400+30:1800+30"]

1. e4 e5 2. Nf3 Nf6 3. Nxe5 d6 4. Nf3 Nxe4 5. d4 d5 6. Bd3 Bd6 7. O-O O-O 8. Re1 Re8 9. Nbd2 {[%emt 0:04:07] C42: Petroff Defence: 3 Nxe5 and unusual White 3rd moves.} Nxd2 10. Bxd2 {[%emt 0:03:05] [#]} Nd7 $146 ({Predecessor:} 10... Bg4 11. Rxe8+ Qxe8 12. h3 Bh5 13. Be3 a6 14. Qe2 Nc6 15. c3 Qe7 16. Re1 Re8 17. Qd1 f5 18. Be2 h6 19. Nd2 Bxe2 20. Qxe2 f4 {0-1 (20) Jalovec,I (1187)-Kuzner,C (1764) Ptuj 2018}) 11. Bxh7+ $2 (11. Rxe8+ $14 {was the only good move.} Qxe8 12. c3) 11... Kxh7 12. Ng5+ Kg6 13. Nxf7 $2 (13. c4 {is a better chance.} Rxe1+ 14. Qxe1) 13... Rxe1+ 14. Bxe1 Kxf7 15. Qh5+ Kg8 16. Qxd5+ Kf8 17. Bd2 Nf6 18. Qb3 Qe8 19. Re1 Qh5 20. h3 b6 $19 21. c4 c5 22. d5 Bd7 0-1

[Event "Int SVK-ch Open 2020"]
[Site "Drienica"]
[Date "2020.08.15"]
[Round "9.8"]
[White "Bombek, Peter"]
[Black "Konyves, Almos"]
[Result "1-0"]
[ECO "D65"]
[WhiteElo "2181"]
[BlackElo "2090"]
[Annotator "ChessBase"]
[PlyCount "111"]
[EventDate "2020.08.07"]
[EventType "swiss"]
[EventCountry "SVK"]
[SourceTitle "playchess.com"]
[Source "ChessBase"]
[SourceQuality "1"]
[TimeControl "40/5400+30:1800+30"]

1. d4 d5 2. c4 e6 3. Nc3 Nf6 4. Bg5 Be7 5. e3 h6 6. Bh4 O-O 7. Nf3 Nbd7 8. Qc2 c6 9. Rc1 a6 10. cxd5 exd5 11. Bd3 Re8 12. O-O Ne4 13. Bxe4 Bxh4 14. Bh7+ Kh8 15. Bf5 Bf6 16. Na4 Nf8 17. Bxc8 Rxc8 18. Nc5 Qe7 19. b4 Ne6 20. Rb1 Nxc5 21. bxc5 Rc7 22. Qf5 g6 23. Qf4 Bg7 24. h3 Kh7 25. Rb3 f5 26. Rfb1 Rd7 27. h4 Rf8 28. Ne5 Rc7 29. Qg3 Rf6 30. f4 Re6 31. Kh2 Bxe5 32. fxe5 g5 33. Qf3 gxh4 34. Qxf5+ Rg6 35. Rf1 Kg7 36. Rb2 Rg5 37. Qf4 Rc8 38. Qf6+ Qxf6 39. Rxb7+ Kg6 40. Rxf6+ Kh5 41. Rh7 Rg6 42. Rhf7 Rg5 43. Rh7 Rg6 44. Rxg6 Kxg6 45. Ra7 Kf5 46. Rxa6 Ke4 47. Ra3 Rg8 48. Rb3 h5 49. a4 h3 50. Kxh3 h4 51. a5 Rg3+ 52. Kh2 Rg7 53. a6 Ra7 54. Ra3 Kf5 55. Kh3 Ke4 56. e6 1-0

[Event "Int SVK-ch Open 2020"]
[Site "Drienica"]
[Date "2020.08.15"]
[Round "9.8"]
[White "Kubikova, Nina"]
[Black "Holicky, Miroslav"]
[Result "0-1"]
[ECO "B01"]
[WhiteElo "1256"]
[BlackElo "1805"]
[Annotator "NA"]
[PlyCount "94"]
[EventDate "2020.08.07"]
[EventType "swiss"]
[EventCountry "SVK"]
[SourceTitle "playchess.com"]
[Source "ChessBase"]
[SourceQuality "1"]
[TimeControl "40/5400+30:1800+30"]

1. e4 d5 2. exd5 Qxd5 3. Nc3 Qd8 4. d4 Nf6 5. Nf3 e6 6. Bf4 {[%emt 0:02:35] B01: Scandinavian Defence.} a6 7. Ne5 Nbd7 {[%emt 0:01:36] [#]} 8. Bc4 $146 ({Predecessor:} 8. Qf3 Nb6 9. O-O-O Nbd5 10. Bc4 Nxf4 11. Qxf4 Bd6 12. g4 O-O 13. g5 Nd7 14. h4 {1-0 (41) Lupulescu,C (2566)-Milanovic,D (2519) Bucharest 2007}) 8... Nb6 9. Bb3 Bb4 10. O-O Bxc3 11. bxc3 Nbd5 12. Bxd5 Nxd5 13. Qf3 Qf6 14. Bd2 Qxf3 15. Nxf3 Nb6 16. Rab1 Nc4 17. Bf4 c6 18. Rb4 b5 19. Ne5 a5 20. Rbb1 Nxe5 21. Bxe5 f6 22. Bd6 Kf7 23. c4 Ba6 24. c5 b4 25. Rfe1 Bc4 26. Re3 (26. Rb2 $11 {remains equal.}) 26... Bxa2 27. Rb2 Bc4 28. f4 Ra7 29. Rb1 $2 (29. Re1) 29... Rha8 30. Kf2 Rb7 31. Ke1 a4 32. Ra1 Rba7 33. Kd2 b3 34. cxb3 $2 (34. Ra3) 34... axb3 35. Rxa7+ Rxa7 36. Kc3 Bd5 (36... Ra1 $142 37. Kxc4 b2) 37. Re2 h5 38. g3 Kg6 39. Bb8 Ra1 40. Rd2 Kf5 41. Bd6 Ke4 42. Bf8 g6 43. Bg7 f5 44. Bf6 Ke3 45. Rb2 Rc1+ 46. Kb4 $19 Rc2 47. Ka3 Kd3 0-1

[Event "Int SVK-ch Open 2020"]
[Site "Drienica"]
[Date "2020.08.15"]
[Round "9.9"]
[White "Demeter, Peter"]
[Black "Garancovsky, Pavol"]
[Result "1-0"]
[ECO "A20"]
[WhiteElo "2139"]
[BlackElo "2027"]
[Annotator "ChessBase"]
[PlyCount "55"]
[EventDate "2020.08.07"]
[EventType "swiss"]
[EventCountry "SVK"]
[SourceTitle "playchess.com"]
[Source "ChessBase"]
[SourceQuality "1"]
[TimeControl "40/5400+30:1800+30"]

1. c4 c6 2. g3 d5 3. Bg2 e5 4. cxd5 cxd5 5. Nf3 f6 6. O-O Ne7 7. d3 Nec6 8. Nc3 Be6 9. e4 d4 10. Nd5 Na6 11. Nh4 Bd6 12. Nf5 Qd7 13. Qg4 O-O-O 14. Nxd6+ Qxd6 15. Qxg7 f5 16. Bg5 Rhg8 17. Ne7+ Nxe7 18. Qxe7 Rxg5 19. Rfc1+ Kb8 20. Qxg5 f4 21. Qh6 Nb4 22. Rd1 fxg3 23. hxg3 Bxa2 24. Qxh7 Bg8 25. Qg7 Be6 26. Qh6 Qd7 27. Qf6 Nc6 28. Rdc1 1-0

[Event "Int SVK-ch Open 2020"]
[Site "Drienica"]
[Date "2020.08.15"]
[Round "9.9"]
[White "Harvan, Tomas"]
[Black "Ganzova, Veronika"]
[Result "1-0"]
[ECO "B34"]
[WhiteElo "1794"]
[BlackElo "1614"]
[Annotator "NA"]
[PlyCount "47"]
[EventDate "2020.08.07"]
[EventType "swiss"]
[EventCountry "SVK"]
[SourceTitle "playchess.com"]
[Source "ChessBase"]
[SourceQuality "1"]
[TimeControl "40/5400+30:1800+30"]

1. e4 c5 2. Nf3 Nc6 3. d4 cxd4 4. Nxd4 g6 5. Nc3 Bg7 6. Nxc6 bxc6 7. Bc4 d6 8. O-O Nf6 9. e5 Ng4 10. exd6 exd6 11. Re1+ Kf8 12. Qf3 Qf6 13. Bf4 Ne5 14. Qe3 Bb7 15. Bb3 Ng4 16. Qg3 Ne5 17. Rad1 h5 18. Bxe5 dxe5 19. Rd7 Bc8 20. Rxf7+ Qxf7 21. Bxf7 Kxf7 22. Qf3+ Bf5 23. Qxc6 Bxc2 24. Nb5 1-0

[Event "Int SVK-ch Open 2020"]
[Site "Drienica"]
[Date "2020.08.15"]
[Round "9.10"]
[White "Verbovsky, Michal"]
[Black "Bednar, Jan"]
[Result "1/2-1/2"]
[ECO "D02"]
[WhiteElo "2113"]
[BlackElo "2018"]
[Annotator "ChessBase"]
[PlyCount "41"]
[EventDate "2020.08.07"]
[EventType "swiss"]
[EventCountry "SVK"]
[SourceTitle "playchess.com"]
[Source "ChessBase"]
[SourceQuality "1"]
[TimeControl "40/5400+30:1800+30"]

1. d4 d5 2. Nf3 Nf6 3. g3 e6 4. Bg2 c5 5. O-O Nc6 6. b3 cxd4 7. Nxd4 Be7 8. Bb2 O-O 9. c4 dxc4 10. Nxc6 bxc6 11. bxc4 Qc7 12. Nd2 Rb8 13. Qc2 c5 14. Rab1 Bb7 15. Bxb7 Rxb7 16. Be5 Qc6 17. Rxb7 Qxb7 18. Rb1 Qc6 19. Qb2 Rd8 20. Nf3 Qe4 21. Rc1 1/2-1/2

[Event "Int SVK-ch Open 2020"]
[Site "Drienica"]
[Date "2020.08.15"]
[Round "9.10"]
[White "Walterova, Ema"]
[Black "Lehocz, Jozsef Jr."]
[Result "1/2-1/2"]
[ECO "B22"]
[WhiteElo "1790"]
[BlackElo "1534"]
[Annotator "NA"]
[PlyCount "54"]
[EventDate "2020.08.07"]
[EventType "swiss"]
[EventCountry "SVK"]
[SourceTitle "playchess.com"]
[Source "ChessBase"]
[SourceQuality "1"]
[TimeControl "40/5400+30:1800+30"]

1. e4 c5 2. c3 Nf6 3. e5 Nd5 4. d4 cxd4 5. Nf3 Nc6 6. cxd4 d6 7. exd6 e6 8. Nc3 Nxc3 9. bxc3 Bxd6 10. Bd3 h6 11. O-O O-O 12. Qe2 Qc7 13. Bd2 e5 14. h3 f5 15. dxe5 Nxe5 16. Nxe5 Bxe5 17. Rfe1 Bf4 18. Bc4+ Kh8 19. Bxf4 Qxf4 20. Qe7 Bd7 21. Bd5 Bc6 22. Bxc6 bxc6 23. Re6 Qc4 24. Rd1 Qxc3 25. Rxh6+ gxh6 26. Rd7 Qc1+ 27. Kh2 Qf4+ 1/2-1/2

[Event "Int SVK-ch Open 2020"]
[Site "Drienica"]
[Date "2020.08.15"]
[Round "9.11"]
[White "Bochnickova, Simona"]
[Black "Strapec, Lukas"]
[Result "0-1"]
[ECO "B31"]
[WhiteElo "1797"]
[BlackElo "1525"]
[Annotator "NA"]
[PlyCount "94"]
[EventDate "2020.08.07"]
[EventType "swiss"]
[EventCountry "SVK"]
[SourceTitle "playchess.com"]
[Source "ChessBase"]
[SourceQuality "1"]
[TimeControl "40/5400+30:1800+30"]

1. e4 c5 2. Nf3 Nc6 3. Bb5 g6 4. O-O Bg7 5. Nc3 a6 6. Bxc6 bxc6 7. d3 d5 8. Re1 Bg4 9. h3 Bxf3 10. Qxf3 Nf6 11. e5 Nd7 12. e6 Nf6 13. exf7+ Kxf7 14. Bf4 e6 15. g4 Ke7 16. Qe3 Qd7 17. Qxc5+ Kf7 18. Re2 Rhe8 19. Rae1 d4 20. Ne4 Nxe4 21. Rxe4 Qd5 22. Qb6 Qb5 23. Qc7+ Re7 24. Qd6 Qd5 25. Qb4 Qb5 26. Qd2 Qxb2 27. Bd6 Ree8 28. Qf4+ Kg8 29. Rxe6 Rxe6 30. Rxe6 Qxa2 31. Qe4 Bf8 32. Re8 Rxe8 33. Qxe8 Qf7 34. Qxc6 Qe6 35. Qxa6 Qxd6 36. Qc4+ Kg7 37. c3 dxc3 38. Qxc3+ Qf6 39. Qc7+ Be7 40. d4 Qd6 41. Qc4 Qf4 42. Qe2 Bd6 43. Qd3 Be7 44. Qe2 Bf6 45. d5 Be5 46. Qd3 Bd4 47. Qc2 Qg3+ 0-1

[Event "Int SVK-ch Open 2020"]
[Site "Drienica"]
[Date "2020.08.15"]
[Round "9.12"]
[White "Varga, Lukas"]
[Black "Ihnat, Marek"]
[Result "1-0"]
[ECO "B23"]
[WhiteElo "2040"]
[BlackElo "2065"]
[Annotator "ChessBase"]
[PlyCount "107"]
[EventDate "2020.08.07"]
[EventType "swiss"]
[EventCountry "SVK"]
[SourceTitle "playchess.com"]
[Source "ChessBase"]
[SourceQuality "1"]
[TimeControl "40/5400+30:1800+30"]

1. e4 c5 2. Nc3 Nc6 3. Bb5 Nd4 4. Nf3 Nxb5 5. Nxb5 d6 6. d4 a6 7. Nc3 cxd4 8. Qxd4 e5 9. Qd3 Be7 10. O-O Nf6 11. a4 O-O 12. Rd1 h6 13. Nd2 Bg4 14. f3 Be6 15. Nc4 Qc7 16. Ne3 Rac8 17. Bd2 Qb6 18. a5 Qc7 19. Na4 Bc4 20. Nxc4 Qxc4 21. Qxc4 Rxc4 22. c3 Nd7 23. Be3 Kh7 24. b3 Rc6 25. c4 Rfc8 26. Rd3 g6 27. Bd2 Nc5 28. Nxc5 dxc5 29. Bc3 f6 30. Rd7 R8c7 31. Rad1 Kg8 32. g3 Kf7 33. Kf2 Ke6 34. R7d5 Rd6 35. f4 exf4 36. gxf4 Rcd7 37. Kf3 Rxd5 38. cxd5+ Kf7 39. e5 Rd8 40. d6 Bf8 41. Ke4 Ke6 42. Rg1 f5+ 43. Kd3 g5 44. fxg5 Bg7 45. gxh6 Bxe5 46. Re1 Rxd6+ 47. Kc4 Kd7 48. Bxe5 Rxh6 49. Kxc5 b6+ 50. Kb4 Rh4+ 51. Ka3 bxa5 52. Rd1+ Ke6 53. Bg3 Re4 54. Re1 1-0

[Event "Int SVK-ch Open 2020"]
[Site "Drienica"]
[Date "2020.08.15"]
[Round "9.12"]
[White "Stanko, Ivan"]
[Black "Budjac, Martin"]
[Result "1/2-1/2"]
[ECO "C44"]
[WhiteElo "1848"]
[BlackElo "1511"]
[Annotator "NA"]
[PlyCount "53"]
[EventDate "2020.08.07"]
[EventType "swiss"]
[EventCountry "SVK"]
[SourceTitle "playchess.com"]
[Source "ChessBase"]
[SourceQuality "1"]
[TimeControl "40/5400+30:1800+30"]

1. e4 e5 2. Nf3 Nc6 3. d4 exd4 4. Nxd4 Bb4+ 5. c3 Bc5 6. Bc4 {[%emt 0:02:11] C45: Scotch Game.} Qh4 7. O-O {[%emt 0:02:29] [#]} Nf6 $146 ({Predecessor:} 7... Nge7 8. Nb5 Bb6 9. Be3 a6 10. Nd6+ cxd6 11. Bxb6 Qxe4 12. Bb3 d5 13. Re1 Qf4 14. Bxd5 O-O 15. Bc5 Qg5 16. c4 d6 17. Bxd6 Rd8 18. Bxe7 Nxe7 19. Bxf7+ {1-0 (19) Suarez Real,A (2397)-Wall,G (2331) England 2014}) 8. Nf5 $1 {[%emt 0:02:28] Double Attack} Qg4 9. Qxg4 Nxg4 10. Nxg7+ Kf8 11. Nf5 (11. Nh5 $18) 11... Nce5 12. Be2 d5 (12... h5 $16 13. Bg5 Rg8) 13. h3 Nf6 14. Bh6+ Kg8 15. Bg7 Nxe4 16. Bxh8 Kxh8 {[%emt 0:01:16] [#]} 17. Nd4 $1 Bd7 18. Rd1 Rg8 19. Kf1 Ng6 20. Nd2 Nf4 21. Nxe4 dxe4 22. Nb3 (22. Bg4 $16 Bxg4 23. hxg4) 22... Bd6 $11 23. g3 Bxh3+ 24. Ke1 Nxe2 25. Kxe2 Bg4+ 26. Ke3 Bxd1 27. Rxd1 1/2-1/2

[Event "Int SVK-ch Open 2020"]
[Site "Drienica"]
[Date "2020.08.15"]
[Round "9.13"]
[White "Furman, Maximilian Jan"]
[Black "Tomanek, Rafael"]
[Result "1-0"]
[ECO "B10"]
[WhiteElo "1598"]
[BlackElo "1835"]
[Annotator "NA"]
[PlyCount "83"]
[EventDate "2020.08.07"]
[EventType "swiss"]
[EventCountry "SVK"]
[SourceTitle "playchess.com"]
[Source "ChessBase"]
[SourceQuality "1"]
[TimeControl "40/5400+30:1800+30"]

1. e4 c6 2. Nc3 d5 3. Nf3 dxe4 4. Nxe4 Nd7 5. Bc4 Ngf6 6. Qe2 Nxe4 7. Qxe4 Nf6 8. Qe2 e6 9. d4 Be7 10. O-O O-O 11. Bf4 Nd5 {[%emt 0:05:44] B17: Caro-Kann: Modern Line (4...Nd7).} 12. Bg3 b6 13. Rad1 Bb7 14. c3 Bf6 15. Ne5 {[%emt 0:11:07] [#]} Qe7 $146 ({Predecessor:} 15... g6 16. Bb3 a5 17. c4 Ne7 18. Ng4 Bg7 19. Bh4 Qc7 20. Nf6+ Kh8 21. Bg3 Qd8 22. Ng4 Nf5 {½-½ (44) Teixeira,R (2325)-Miranda,M (2305) Rio de Janeiro 1997}) 16. Ba6 Bxa6 17. Qxa6 Bxe5 18. Bxe5 Rac8 19. Qd3 Rfd8 20. Rfe1 Rd7 21. Qf3 Nf6 22. Qg3 Rcd8 23. Rd3 c5 24. Rf3 Ne8 25. h3 (25. Rfe3 $11) 25... cxd4 (25... f6 $17 26. Bf4 cxd4 27. cxd4 Rxd4) 26. Bxd4 Rd5 27. h4 f6 28. Rfe3 Nc7 29. Bxf6 Qxf6 30. Qxc7 Qxh4 31. Rxe6 R5d7 $2 (31... h6 $16) 32. Re8+ Kf7 33. Qc6 Rxe8 34. Qxd7+ Re7 35. Rxe7+ Qxe7 36. Qxe7+ Kxe7 37. f4 Ke6 38. Kf2 Kd5 39. Ke3 Kc4 40. Ke4 a5 41. g4 h6 42. Kf5 1-0

[Event "Int SVK-ch Open 2020"]
[Site "Drienica"]
[Date "2020.08.15"]
[Round "9.14"]
[White "Panko, Radoslav"]
[Black "Panko Eduard st."]
[Result "1-0"]
[ECO "C36"]
[WhiteElo "2025"]
[BlackElo "1958"]
[Annotator "ChessBase"]
[PlyCount "65"]
[EventDate "2020.08.07"]
[EventType "swiss"]
[EventCountry "SVK"]
[SourceTitle "playchess.com"]
[Source "ChessBase"]
[SourceQuality "1"]
[TimeControl "40/5400+30:1800+30"]

1. e4 e5 2. f4 d5 3. exd5 Qxd5 4. Nc3 Qe6 5. Nf3 exf4+ 6. Be2 Bc5 7. d4 Bd6 8. O-O Ne7 9. Ng5 Qf5 10. Nge4 O-O 11. Nxd6 cxd6 12. Bxf4 Qd7 13. Nb5 Nf5 14. Bd3 Nc6 15. Bxf5 Qxf5 16. Nxd6 Qd5 17. Nxc8 Raxc8 18. c3 b5 19. Qf3 Qxf3 20. Rxf3 Rfe8 21. Kf1 f6 22. Re1 Rxe1+ 23. Kxe1 Re8+ 24. Re3 Rd8 25. Re6 Nxd4 26. cxd4 Rxd4 27. Bd2 Kf7 28. Ra6 Rd7 29. Be3 Kg6 30. Rxa7 Rd5 31. Ra5 Re5 32. Kf2 h5 33. a4 1-0

[Event "Int SVK-ch Open 2020"]
[Site "Drienica"]
[Date "2020.08.15"]
[Round "9.14"]
[White "Soldan, Jan"]
[Black "Sedlak, Mikulas"]
[Result "1-0"]
[ECO "B01"]
[WhiteElo "1783"]
[BlackElo "1573"]
[Annotator "NA"]
[PlyCount "41"]
[EventDate "2020.08.07"]
[EventType "swiss"]
[EventCountry "SVK"]
[SourceTitle "playchess.com"]
[Source "ChessBase"]
[SourceQuality "1"]
[TimeControl "40/5400+30:1800+30"]

1. e4 d5 2. exd5 Nf6 3. d4 Nxd5 4. c4 Nb6 5. Nc3 Bf5 6. Be3 c6 7. Nf3 N8d7 8. Bd3 Bg4 9. h3 Bh5 10. g4 Bg6 11. h4 f6 12. Bxg6+ hxg6 13. Qd3 Kf7 14. O-O-O Qc7 15. h5 g5 16. Qg6+ Kg8 17. h6 Rh7 18. Nxg5 fxg5 19. Qe6+ Kh8 20. hxg7+ Bxg7 21. Rxh7+ 1-0